 Dungeon Crawl Stone Soup version 0.20-a0 (webtiles) character file.

1457 varam the Cleaver (level 8, -9/46 HPs)
             Began as a Gargoyle Fighter on Oct 27, 2016.
             Was an Initiate of Okawaru.
             Killed from afar by Tungsten's ghost (18 damage)
             ... with an orb of energy
             ... on level 4 of the Dungeon.
             The game lasted 00:07:09 (4240 turns).

varam the Cleaver (Gargoyle Fighter)                Turns: 4240, Time: 00:07:10

Health: -9/46      AC: 16    Str: 19    XL:     8   Next: 76%
Magic:  8/8        EV:  8    Int: 10    God:    Okawaru [......]
Gold:   232        SH:  9    Dex: 11    Spells: 0 memorised, 7 levels left

rFire  + . .     SeeInvis .     w - +0 whip (elec)
rCold  x . .     Gourm    .     F - +2 ring mail {rPois}
rNeg   + . .     Faith    .     c - +0 shield
rPois  ∞         Spirit   .     q - +0 helmet
rElec  +         Reflect  .     B - +1 cloak
rCorr  .         Harm     .     (no gloves)
MR     .....                    (no boots)
Stlth  +.........               s - amulet of magic regeneration
                                (no ring)
                                k - ring of fire

@: no status effects
A: negative energy resistance 1, electricity resistance, unbreathing,
petrification resistance, rot immunity, AC +5
a: Renounce Religion


You were on level 4 of the Dungeon.
You worshipped Okawaru.
Okawaru was noncommittal.
You were not hungry.

You visited 2 branches of the dungeon, and saw 5 of its levels.
You also visited: Sewer.

You collected 232 gold pieces.

Inventory:

Hand Weapons
 a - a +0 war axe
 w - a +0 whip of electrocution (weapon)
 z - a +2 spear of piercing
Armour
 c - a +0 shield (worn)
 q - a +0 helmet (worn)
 B - a +1 cloak (worn)
 F - a +2 ring mail of poison resistance (worn)
Jewellery
 k - a ring of fire (left hand)
 s - an amulet of magic regeneration (around neck)
Wands
 y - a wand of lightning (6/15)
Scrolls
 e - 5 scrolls of recharging {unknown}
 g - a scroll of fog {unknown}
 j - 2 scrolls of teleportation {unknown}
 l - 2 scrolls of amnesia {unknown}
 p - a scroll of noise {unknown}
 r - 4 scrolls of remove curse {unknown}
 u - 4 scrolls of magic mapping {unknown}
 x - a scroll of enchant weapon {unknown}
 A - 3 scrolls of identify {unknown}
 E - a scroll of enchant armour {unknown}
Potions
 d - a potion of might
 h - 3 potions of brilliance {unknown}
 m - a potion of curing {@q1}
 o - a potion of heal wounds {unknown}
 t - a potion of mutation {unknown}
 D - a potion of ambrosia {unknown}
Books
 b - a book of Maledictions

   Spells                             Type                      Level
   a - Corona                         Hexes                        1
   b - Ensorcelled Hibernation        Hexes/Ice                    2
   c - Confuse                        Hexes                        3
   d - Tukima's Dance                 Hexes                        3
   e - Dazzling Spray                 Conjuration/Hexes            3
Comestibles
 f - 4 bread rations
 i - 2 meat rations
 n - 2 royal jellies
 v - a beef jerky
 C - 5 chunks of flesh


   Skills:
 - Level 3.2 Fighting
 + Level 9.8 Axes
 - Level 3.2 Armour
 - Level 3.2 Shields


You had 7 spell levels left.
You didn't know any spells.

Dungeon Overview and Level Annotations

Branches:
Dungeon (4/15)             Temple (1/1) D:4

Altars:
Ashenzari
Cheibriados
Dithmenos
Elyvilon
Fedhas
Gozag
Hepliaklqana
Kikubaaqudgha
Makhleb
Nemelex Xobeh
Okawaru
Qazlal
Ru
Sif Muna
Trog
Uskayaw
Vehumet
Xom
Yredelemnul
Zin
The Shining One

Annotations:
D:4 Tungsten's ghost, amateur DrCj


Innate Abilities, Weirdness & Mutations

You are resistant to torment.
Your stone body is resilient. (AC +5)
You are immune to poison.
You resist negative energy. (rN+)
You are resistant to electric shocks. (rElec)
You can survive without breathing.
You are immune to petrification.
You are immune to rotting.


Message History

You barely miss Tungsten's ghost. You block Tungsten's ghost's attack.
You barely miss Tungsten's ghost. You block Tungsten's ghost's attack.
You barely miss Tungsten's ghost.
You hit Tungsten's ghost but do no damage.
Tungsten's ghost barely misses you.
You closely miss Tungsten's ghost.
Tungsten's ghost hits you but does no damage.
You barely miss Tungsten's ghost.
Tungsten's ghost wails, "Very impressive.
But it won't help.
Nothing will."
Tungsten's ghost points at you and mumbles some strange words.
The orb of energy hits you!
* * * LOW HITPOINT WARNING * * *
The orb of energy explodes!
You hit Tungsten's ghost.
Tungsten's ghost is lightly damaged.
Tungsten's ghost hits you.
* * * LOW HITPOINT WARNING * * *
Tungsten's ghost gestures at you while chanting.
The orb of energy hits you!
You die...

#.# ##'## #.# #.####### ##...##
#.# #.......###.....## #.####
###.###.##.......## #....###
#.......†.........####......####
#.................'.............
#....##..........W####....[.####
#.#.###..#.......## ##.##..#
#.###....##....@## #.....# #.#
#.##.###...## ####.## #.# #.##.#
##'## #.# #.###.##.####.# #.#
#.............# ##########.#
####.......#..###.......##.#
#..####.#...##.#####.##.#
#..####......#.# #.##.#
#.....#.#...##.#####.##.#


You could see Tungsten's ghost.

Vanquished Creatures
  Pikel (D:4)
  Menkaure (D:4)
  Purgy (Sewer)
  A slave (D:3)
  The ghost of varam the Twirler, an amateur DsGl (D:3)
  Blork the orc (D:4)
  6 killer bees
  An orc priest (D:4)
  2 orc wizards (D:4)
  Natasha (twice) (D:3)
  Jessica (D:3)
  Robin (D:3)
  9 adders
  4 gnolls (D:3)
  3 worms
  A dart slug (D:2)
  6 leopard geckos
  8 orcs
  4 giant cockroaches
  16 goblins
  5 hobgoblins
  15 jackals
  A quokka (D:2)
  5 bats
  2 frilled lizards
  8 kobolds
  6 rats
112 creatures vanquished.

Vanquished Creatures (others)
  A slave (D:4)
  Natasha (D:3)
2 creatures vanquished.

Grand Total: 114 creatures vanquished

Notes
Turn   | Place    | Note
-------+----------+-------------------------------------------
     0 | D:1      | varam the Gargoyle Fighter began the quest for the Orb.
     0 | D:1      | Reached XP level 1. HP: 14/14 MP: 1/1
    27 | D:1      | Reached skill level 2 in Axes
   151 | D:1      | Reached XP level 2. HP: 18/19 MP: 2/2
   509 | D:2      | Reached skill level 3 in Axes
   509 | D:2      | Reached XP level 3. HP: 19/23 MP: 3/3
   649 | D:2      | Reached XP level 4. HP: 28/28 MP: 4/4
   707 | D:2      | Reached skill level 4 in Axes
  1336 | D:3      | Reached XP level 5. HP: 32/32 MP: 5/5
  1422 | D:3      | Noticed Natasha
  1437 | D:3      | Killed Natasha
  1510 | D:3      | Noticed Robin
  1535 | D:3      | Killed Robin
  1535 | D:3      | Reached skill level 5 in Axes
  1662 | D:3      | Noticed Natasha
  1673 | D:3      | Killed Natasha
  1701 | D:3      | Noticed varam's ghost (amateur DsGl)
  1716 | D:3      | Killed varam's ghost
  1716 | D:3      | Reached XP level 6. HP: 32/37 MP: 6/6
  1815 | D:3      | Noticed Natasha
  1825 | D:3      | Killed Natasha
  1825 | D:3      | Reached skill level 6 in Axes
  1829 | D:3      | Noticed Jessica
  1836 | D:3      | Killed Jessica
  2386 | D:4      | Noticed Blork the orc
  2395 | D:4      | Killed Blork the orc
  2395 | D:4      | Reached XP level 7. HP: 41/41 MP: 7/7
  2406 | D:4      | Noticed Tungsten's ghost (amateur DrCj)
  2820 | D:4      | Found a glowing drain.
  2824 | Sewer    | Entered a sewer
  2935 | Sewer    | Noticed Purgy
  2946 | Sewer    | Killed Purgy
  2946 | Sewer    | Reached skill level 7 in Axes
  3139 | D:4      | Noticed Pikel
  3270 | D:4      | Killed Pikel
  3270 | D:4      | Reached skill level 8 in Axes
  3270 | D:4      | Reached XP level 8. HP: 41/46 MP: 8/8
  3367 | D:4      | Found a staircase to the Ecumenical Temple.
  3379 | Temple   | Entered the Ecumenical Temple
  3657 | Temple   | Became a worshipper of Warmaster Okawaru
  3713 | D:4      | Reached skill level 9 in Axes
  3999 | D:4      | Noticed Menkaure
  4005 | D:4      | Killed Menkaure
  4240 | D:4      | Killed from afar by Tungsten's ghost

Vault maps used:
D:1:      lightli_arrival_boilingwater
D:3:      uniq_jessica, uniq_natasha, uniq_robin
D:4:      gup_sewer_entry_spiral, uniq_pikel, uniq_menkaure, uniq_blork_the_orc
Temple:   regret_index_temple_sigil_plot
Sewer:    sewer_the_crocodile

Skill      XL: |  1  2  3  4  5  6  7  8 |
---------------+-------------------------+-----
Axes           | 2 3 4 5 6 8 9 |  9.8
Fighting       | |  3.2
Armour         | |  3.2
Shields        | |  3.2

Action                   |  1- 3 |  4- 6 |  7- 9 || total
-------------------------+-------+-------+-------++-------
Melee: War axe           |    95 |   180 |       ||   275
       Whip              |       |    55 |   212 ||   267
       Spear             |       |    11 |       ||    11
  Eat: Chunk             |       |     5 |     4 ||     9
       Bread ration      |       |       |     1 ||     1
Armor: Scale mail        |    52 |   142 |    38 ||   232
       Ring mail         |       |       |    61 ||    61
Dodge: Dodged            |    37 |    78 |    49 ||   164
Block: Shield            |    50 |   123 |    85 ||   258
